 Dungeon Crawl Stone Soup version 0.30-a0-726-gd89dcf765f (webtiles) character file.

Game seed: 10027317428534508538

60 Conn the Firebug (level 4, -1/27 HPs)
             Began as an Octopode Fire Elementalist on Jan 29, 2023.
             Slain by a goblin
             ... wielding a +0 dagger of speed
             ... led by Robin
              (6 damage)
             ... on level 2 of the Dungeon.
             The game lasted 00:03:25 (1225 turns).

Conn the Firebug (Octopode Fire Elementalist)       Turns: 1225, Time: 00:03:25

Health: -1/27      AC:  1    Str:  7    XL:     4   Next: 4%
Magic:  1/8        EV: 13    Int: 19    God:
Gold:   81         SH:  0    Dex: 12    Spells: 5/8 levels left

rFire   . . .      SeeInvis .    f - +0 dagger
rCold   . . .      Faith    .    (no shield)
rNeg    . . .      Spirit   .    (helmet restricted)
rPois   .          Reflect  .    (no amulet)
rElec   .          Harm     .    (no ring)
rCorr   .          Rampage  .    (no ring)
Will    .....                    (no ring)
Stlth   +++                      (no ring)
HPRegen 0.24/turn                (no ring)
MPRegen 0.11/turn                (no ring)
                                 (no ring)
                                 (no ring)

@: hasted, very quick
A: almost no armour, amphibious, 8 rings, camouflage 1, gelatinous body 1,
(nimble swimmer 1), tentacles
a: no special abilities


You were on level 2 of the Dungeon.
You visited 1 branch of the dungeon, and saw 2 of its levels.

You collected 81 gold pieces.

Inventory:

Hand Weapons
 f - a +0 dagger (weapon)
Scrolls
 b - a scroll of teleportation {unknown}
 c - a scroll of immolation {unknown}
 d - 2 scrolls of identify {unknown}
 h - a scroll of noise {unknown}
 i - a scroll of poison {unknown}
Potions
 a - a potion of magic
 e - a potion of heal wounds {unknown}
 g - a potion of haste


   Skills:
 + Level 2.0 Dodging
 + Level 3.0 Stealth
 + Level 2.9 Spellcasting
 + Level 1.4 Conjurations
 + Level 3.8 Fire Magic


You had 5 spell levels left.
You knew the following spells:

 Your Spells              Type           Power      Damage    Failure   Level
a - Foxfire               Conj/Fire      48%        2x1d6     5%          1
e - Scorch                Fire           34%        2d7       4%          2

Your spell library contained the following spells:

 Spells                   Type           Power      Damage    Failure   Level
 Inner Flame              Hex/Fire       9%         N/A       22%         3
 Kindle Blastsparks       Fire/Tloc/Air  14%        2d11      28%         3
 Flame Wave               Conj/Fire      12%        2d6       45%         4


Dungeon Overview and Level Annotations

Branches:
Dungeon (2/15)

Altars:

Annotations:
D:2 Robin


Innate Abilities, Weirdness & Mutations

You cannot wear most types of armour.
You are amphibious.
You can wear up to eight rings at the same time.
Your skin changes colour to match your surroundings (Stealth+).
Your rubbery body absorbs attacks. (AC +1, EV +1)
((You are camouflaged when in or above water. (Stealth+)))
You have tentacles for arms and can constrict up to eight enemies at once.


Message History

The foxfire hits the goblin.
You kill the goblin!
A hobgoblin comes into view.
Robin throws the goblin at you! The goblin hits you but does no damage.
You have reached level 4!
Casting: Foxfire (safe; 5% risk of failure)
Confirm with . or Enter, or press ? or * to list all spells.
You conjure some foxfire!
The foxfire hits the goblin.
You kill the goblin!
The foxfire hits the goblin.
The goblin is severely wounded.
Robin roars a battlecry!
You hear a shout!
Unknown command.
Casting: Foxfire (safe; 5% risk of failure)
Confirm with . or Enter, or press ? or * to list all spells.
You conjure some foxfire!
The foxfire hits the worm.
The worm is severely wounded.
The foxfire hits the goblin.
You kill the goblin!
A goblin comes into view. It is wielding a +0 club.
Robin throws the goblin at you!
A goblin comes into view. It is wielding a +0 dagger of speed.
Unknown command.
The foxfire hits the hobgoblin.
The hobgoblin is severely wounded.
The foxfire hits the worm.
The worm is almost dead.
The goblin hits you with a +0 club.
Things that are here:
a +0 dagger; a goblin corpse The goblin hits you with a +0 club!
The goblin attacks as you move away! The goblin barely misses you.
The hobgoblin attacks as you move away! The hobgoblin hits you.
The goblin attacks as you move away! The goblin hits you with a +0 club.
* * * LOW HITPOINT WARNING * * *
It was a potion of haste.
You feel yourself speed up. The hobgoblin closely misses you.
Robin throws the goblin at you!
The goblin hits you with a +0 dagger of speed.
You die...

#...#.#.# ###†##.#)#
#.........#
##.#.##.#.###.....$...#
#.#....)....#.........#
#.#.##.#.#.#.........#
#.#†...#.#...........#
#.#..###.# #.........#
#.#.(###.###w........#
#.#......g@gg.g......#
#.##.#######g....)...#
#.##.# #####g).)##
#..#.# #...... ##.#.#
#..... #.#.. ....# #.#
##.# #.# .. #.#


You could see a worm, Robin, 2 hobgoblins and 3 goblins.

Vanquished Creatures
  An adder (D:2)
  A worm (D:2)
  3 endoplasms (D:1)
  A giant cockroach (D:1)
  10 goblins
  5 hobgoblins
  7 jackals (D:1)
  A quokka (D:1)
  3 ball pythons (D:1)
  2 bats (D:1)
  2 frilled lizards (D:1)
  2 kobolds (D:1)
  6 rats (D:1)
44 creatures vanquished.

Vanquished Creatures (others)
  93 foxfires
93 creatures vanquished.

Grand Total: 137 creatures vanquished

Notes
Turn   | Place    | Note
-------+----------+-------------------------------------------
     0 | D:1      | Conn the Octopode Fire Elementalist began the quest for the
                  | Orb.
     0 | D:1      | Reached XP level 1. HP: 11/11 MP: 3/3
   111 | D:1      | Reached XP level 2. HP: 17/17 MP: 0/5
   502 | D:1      | Reached XP level 3. HP: 15/21 MP: 3/6
   505 | D:1      | Learned a level 2 spell: Scorch
  1214 | D:2      | Noticed Robin
  1218 | D:2      | Reached XP level 4. HP: 25/27 MP: 2/8
  1225 | D:2      | Slain by a goblin

Illustrated notes

Levels and vault maps discovered:
D:1:      wander_arrival_abandoned_jail, layout_basic
D:2:      layout_loops_ring, uniq_robin

Skill      XL: |  1  2  3 |
---------------+----------+-----
Stealth        | 3 |  3.0
Dodging        | |  2.0
Spellcasting   | |  2.9
Conjurations   | |  1.4
Fire Magic     | |  3.8

Action                     |  1- 3 |  4- 6 || total
---------------------------+-------+-------++-------
  Melee: Unarmed           |     6 |       ||     6
         Constrict         |     2 |       ||     2
         Dagger            |     6 |       ||     6
         Tentacles         |     1 |       ||     1
   Cast: Foxfire           |    54 |     2 ||    56
         Scorch            |     5 |       ||     5
    Use: Potion            |       |     1 ||     1
   Stab: Sleeping          |     1 |       ||     1
 Armour: Skin              |     3 |     1 ||     4
  Dodge: Dodged            |    13 |     2 ||    15

Table legend: (Time is in decaauts)
 A = Elapsed time spent in this place.
 B = Non-inter-level travel time spent in this place.
 C = Inter-level travel time spent in this place.
 D = Time resting spent in this place.
 E = Time spent auto-exploring this place.
 F = Levels seen in this place.
 G = Mean time per level.
                   A        B        C        D        E       F      G
               +--------+--------+--------+--------+--------+-----+--------+
         Total |   1224 |   1215 |      9 |      0 |    890 |   2 |  612.0 |
       Dungeon |   1224 |   1215 |      9 |      0 |    890 |   2 |  612.0 |
               +--------+--------+--------+--------+--------+-----+--------+

Top non-repeatable levels by time:
     D:1: 1017 daAuts
     D:2: 206 daAuts
